[Event "Hungarian Youth-ch U12 2022"]
[Site "Eger"]
[Date "2022.07.26"]
[Round "4.6"]
[White "Balogh, Gerda"]
[Black "Torok, Rita"]
[Result "0-1"]
[ECO "C55"]
[WhiteElo "1531"]
[BlackElo "1275"]
[Annotator "NA RC COMBH"]
[PlyCount "100"]
[EventDate "2022.07.21"]
[EventType "tourn"]
[EventCountry "HUN"]
[SourceTitle "playchess.com"]
[Source "ChessBase"]
[SourceQuality "1"]
[TimeControl "40/5400+30:1800+30"]

1. e4 e5 2. Nf3 Nc6 3. Bc4 Nf6 4. d3 d6 5. O-O Be7 6. c3 O-O 7. Re1 Bd7 8. d4 exd4 9. cxd4 Bg4 10. d5 Ne5 11. Nbd2 Nxc4 12. Nxc4 Nd7 13. Ne3 Bxf3 14. Qxf3 Ne5 15. Qg3 Bh4 16. Qf3 Nxf3+ 17. gxf3 Bg5 18. Kh1 Qf6 19. Kg2 Qg6 20. Kh1 Bxe3 21. Bxe3 f5 22. Bd4 Rf7 23. Rg1 Qh5 24. Rg3 fxe4 25. fxe4 c5 26. dxc6 bxc6 27. Rag1 g6 28. Bc3 Rxf2 29. R3g2 Rxg2 30. Rxg2 Rf8 31. h3 Rf1+ 32. Kh2 Qf3 33. Bd4 Qf4+ 34. Rg3 Qd2+ 35. Rg2 Qxd4 36. h4 Qe5+ 37. Kh3 Rh1+ 38. Kg4 Qxe4+ 39. Kg3 Qxh4+ 40. Kf3 Rh3+ 41. Ke2 Rh2 42. Kf1 Rxg2 43. Kxg2 Kf7 44. Kf1 Qh2 45. Ke1 Kf6 46. Kd1 Qxb2 47. Ke1 Kf5 48. Kf1 Kf4 49. Kg1 Kf3 50. Kh1 Qg2# 0-1

[Event "Hungarian Youth-ch U12 2022"]
[Site "Eger"]
[Date "2022.07.26"]
[Round "4.7"]
[White "Balazs, Szabina Zoe"]
[Black "Hangyal, Dora"]
[Result "1-0"]
[ECO "C54"]
[WhiteElo "1437"]
[BlackElo "1244"]
[Annotator "NA RC COMBH"]
[PlyCount "79"]
[EventDate "2022.07.21"]
[EventType "tourn"]
[EventCountry "HUN"]
[SourceTitle "playchess.com"]
[Source "ChessBase"]
[SourceQuality "1"]
[TimeControl "40/5400+30:1800+30"]

1. e4 e5 2. Nf3 Nc6 3. Bc4 Bc5 4. c3 Nf6 5. d3 h6 6. O-O O-O 7. h3 d5 8. exd5 Nxd5 9. Re1 Nb6 10. Bb3 Qf6 11. Nbd2 Be7 12. Qe2 Re8 13. a4 Bf5 14. Ne4 Qg6 15. Kh1 Nd7 16. Bc2 Nc5 17. Nxc5 Bxc5 18. Nh4 Qf6 19. Nxf5 Qxf5 20. d4 e4 21. dxc5 Qxc5 22. Be3 Qe5 23. Qg4 f5 24. Qf4 Qe7 25. Qxf5 Qe5 26. Qxe5 Rxe5 27. Bf4 Rf5 28. Bg3 Re8 29. Bxe4 Rf6 30. Bd5+ Kf8 31. Rxe8+ Kxe8 32. Re1+ Kd7 33. f3 g5 34. b4 h5 35. Rd1 h4 36. Bh2 Kc8 37. Be4 a6 38. Rd5 Rf8 39. Rxg5 Re8 40. Rg7 1-0

[Event "Hungarian Youth-ch U12 2022"]
[Site "Eger"]
[Date "2022.07.26"]
[Round "4.8"]
[White "Brieber, Dorottya"]
[Black "Molnar, Dalma Reka"]
[Result "1/2-1/2"]
[ECO "B23"]
[WhiteElo "1242"]
[BlackElo "1521"]
[Annotator "NA RC COMBH"]
[PlyCount "56"]
[EventDate "2022.07.21"]
[EventType "tourn"]
[EventCountry "HUN"]
[SourceTitle "playchess.com"]
[Source "ChessBase"]
[SourceQuality "1"]
[TimeControl "40/5400+30:1800+30"]

1. e4 c5 2. Nc3 Nc6 3. f4 g6 4. Nf3 Bg7 5. Bc4 e6 6. d3 Nge7 7. O-O O-O 8. Qe1 d5 9. Bb3 dxe4 10. dxe4 Nd4 11. Nd2 b5 12. Nxb5 Nxb5 13. c3 Ba6 14. Bc4 Nc7 15. Bxa6 Nxa6 16. Nf3 Rc8 17. Be3 Qc7 18. Qh4 Nc6 19. f5 exf5 20. exf5 f6 21. Qc4+ Kh8 22. Qxa6 Qb6 23. Qd3 Rcd8 24. Qc2 Rfe8 25. Bf2 g5 26. b4 Qa6 27. Rfe1 cxb4 28. Re6 Rxe6 1/2-1/2

[Event "Hungarian Youth-ch U12 2022"]
[Site "Eger"]
[Date "2022.07.26"]
[Round "4.9"]
[White "Kiss, Inez"]
[Black "Biro, Beata"]
[Result "1-0"]
[ECO "B43"]
[WhiteElo "1397"]
[BlackElo "1551"]
[Annotator "NA RC COMBH"]
[PlyCount "103"]
[EventDate "2022.07.21"]
[EventType "tourn"]
[EventCountry "HUN"]
[SourceTitle "playchess.com"]
[Source "ChessBase"]
[SourceQuality "1"]
[TimeControl "40/5400+30:1800+30"]

1. e4 c5 2. Nf3 e6 3. d4 cxd4 4. Nxd4 a6 5. Nc3 b5 6. Bd3 Qb6 7. Nf3 Qc7 8. O-O d6 9. Re1 Nd7 10. Be3 Ngf6 11. h3 Bb7 12. Bg5 Be7 13. Nd2 h6 14. Bf4 O-O 15. f3 Rfd8 16. a4 b4 17. Ne2 e5 18. Bh2 d5 19. exd5 Nxd5 20. Nc4 f6 21. Ng3 N7b6 22. Nxb6 Qxb6+ 23. Kh1 Bc5 24. Bc4 Kh8 25. Qe2 Nf4 26. Qf1 Qc6 27. Ne4 Bb6 28. Bxf4 exf4 29. b3 f5 30. Nf2 Rd6 31. Rad1 Rg6 32. Re7 Bc5 33. Bd5 Bxe7 34. Bxc6 Bxc6 35. Qc4 Rf6 36. Qxf4 Rc8 37. Nd3 Be8 38. Nxb4 Bf7 39. Rd7 Re8 40. Nd5 Bxd5 41. Rxd5 Re6 42. Re5 Bf6 43. Rxe6 Rxe6 44. Qxf5 Re1+ 45. Kh2 Be5+ 46. f4 Bd4 47. Qc8+ Kh7 48. Qxa6 Bg1+ 49. Kg3 h5 50. Qd3+ g6 51. Kf3 Bc5 52. f5 1-0

[Event "Hungarian Youth-ch U12 2022"]
[Site "Eger"]
[Date "2022.07.27"]
[Round "5.1"]
[White "Feher, Botond"]
[Black "Horvath, Andras"]
[Result "1-0"]
[ECO "C56"]
[WhiteElo "1747"]
[BlackElo "2251"]
[Annotator "TA"]
[PlyCount "35"]
[EventDate "2022.07.21"]
[EventType "tourn"]
[EventCountry "HUN"]
[SourceTitle "playchess.com"]
[Source "ChessBase"]
[SourceQuality "1"]
[TimeControl "40/5400+30:1800+30"]

1. e4 e5 2. Nf3 Nc6 3. Bc4 Nf6 4. d4 exd4 5. O-O Nxe4 6. Re1 d5 7. Bxd5 Qxd5 8. Nc3 Qh5 9. Nxe4 Be6 10. Bg5 Bd6 11. c4 {[%emt 0:02:49] C56: Two Knights: 4 d4 exd4 5 0-0 Nxe4.} dxc3 $2 (11... h6 $11 {and Black is okay.} 12. Nxd6+ cxd6) 12. Nxd6+ $18 cxd6 {[%emt 0:00:24] [#]} 13. Qxd6 $146 {[%emt 0:01:12] White is clearly winning.} ({Predecessor:} 13. bxc3 O-O 14. Qxd6 Bg4 15. Qg3 Rae8 16. Be3 b6 17. Rec1 Re7 18. Nd4 Ne5 19. Bf4 {½-½ (36) Kalinova,E-Brandis,B (1731) Mureck 2012}) 13... h6 14. Rxe6+ ({And not} 14. Rad1 hxg5 15. Qd7+ (15. bxc3 $2 g4 $19) 15... Kf8 16. Qxb7 Re8 17. Qxc6 cxb2 $11) 14... fxe6 15. Qxe6+ Kf8 {[%emt 0:00:47] [#]} 16. Ne5 $1 {[%emt 0:00:21][%mdl 64] Deflection} Nxe5 (16... Rd8 $18 17. Ng6+ Qxg6 18. Qxg6 cxb2) 17. Be7+ Ke8 {[%emt 0:01:23] [#]} 18. Bd6+ $1 {[%emt 0:00:07] White took control after the opening.  Weighted Error Value: White=0.01 (flawless) /Black=1.66} 1-0

[Event "Hungarian Youth-ch U12 2022"]
[Site "Eger"]
[Date "2022.07.27"]
[Round "5.2"]
[White "Bod, Marton"]
[Black "Juhasz, Edmond"]
[Result "1/2-1/2"]
[ECO "B75"]
[WhiteElo "1758"]
[BlackElo "1510"]
[Annotator "NA RC COMBH"]
[PlyCount "102"]
[EventDate "2022.07.21"]
[EventType "tourn"]
[EventCountry "HUN"]
[SourceTitle "playchess.com"]
[Source "ChessBase"]
[SourceQuality "1"]
[TimeControl "40/5400+30:1800+30"]

1. e4 c5 2. Nf3 d6 3. d4 cxd4 4. Nxd4 Nf6 5. Nc3 g6 6. Be3 Bg7 7. f3 Nc6 8. Qd2 h5 9. Bc4 Bd7 10. O-O-O Na5 11. Bb3 Nxb3+ 12. axb3 Qa5 13. Kb1 Rc8 14. Rhe1 Bc6 15. Bf2 Nd7 16. f4 Qc7 17. b4 a6 18. Nxc6 bxc6 19. Bd4 Bxd4 20. Qxd4 O-O 21. e5 d5 22. e6 Nf6 23. exf7+ Rxf7 24. Qd3 Qxf4 25. Qxa6 Rb8 26. Na2 Qc7 27. g3 Ne4 28. Qd3 Qd6 29. Qb3 Qf6 30. Re2 Kf8 31. Nc1 e6 32. Nd3 Qd4 33. c3 Qf6 34. Qa3 Kg8 35. Qa6 Rc7 36. Nf4 g5 37. Nd3 Kg7 38. Qa5 Rcb7 39. Nc5 Nxc5 40. Qxc5 Qf5+ 41. Kc1 Ra8 42. Qxc6 Ra1+ 43. Kd2 Rxd1+ 44. Kxd1 Qb1+ 45. Kd2 Qxb2+ 46. Ke3 Qc1+ 47. Kd3 Qd1+ 48. Rd2 Qb1+ 49. Ke2 Qe4+ 50. Kd1 Qb1+ 51. Ke2 Rf7 1/2-1/2

[Event "Hungarian Youth-ch U12 2022"]
[Site "Eger"]
[Date "2022.07.27"]
[Round "5.3"]
[White "Karacsonyi, Bank"]
[Black "Onodi, Miklos"]
[Result "1-0"]
[ECO "B29"]
[WhiteElo "1791"]
[BlackElo "1901"]
[Annotator "TA"]
[PlyCount "97"]
[EventDate "2022.07.21"]
[EventType "tourn"]
[EventCountry "HUN"]
[SourceTitle "playchess.com"]
[Source "ChessBase"]
[SourceQuality "1"]
[TimeControl "40/5400+30:1800+30"]

1. e4 c5 2. Nf3 Nf6 3. e5 Nd5 4. b3 Nc6 5. c4 Nc7 6. Bb2 Ne6 {[%emt 0:00:19] B30: Sicilian: 2...Nc6 3 Bb5, lines without ...g6.} 7. Na3 g6 8. g3 Bg7 {[%emt 0:00:39] [#] Black has an edge.} 9. Bg2 $146 ({White should play} 9. Rb1 $15) ({Predecessor:} 9. Rb1 O-O 10. Nc2 Rb8 11. Bg2 Qa5 12. a4 a6 13. Bc3 Qc7 14. Qe2 b6 15. O-O {1-0 (26) Kis,J (2215)-Csete Szemesi,A Hungary 1997}) 9... d6 $17 10. Qe2 Ncd4 (10... O-O $142 11. O-O dxe5) 11. Qe4 (11. Nxd4 $17 Nxd4 12. Bxd4 cxd4 13. c5) 11... Nxf3+ 12. Qxf3 Bxe5 13. Bxe5 dxe5 14. Qe3 Qd4 15. O-O O-O 16. Rfe1 f6 17. Bd5 Kg7 18. f4 Qxe3+ 19. Rxe3 Nd4 ({Don't play} 19... exf4 20. Ree1 $11) 20. fxe5 f5 $1 21. Rc1 e6 (21... Rb8 $15) 22. Bg2 Rb8 23. Nb5 Nxb5 (23... Rd8 $11) 24. cxb5 $16 b6 25. d4 {[%emt 0:00:28] White is more active.} (25. b4 $5) 25... cxd4 26. Rc7+ (26. Rd3 $14 {deserves consideration.}) 26... Rf7 $11 27. Rxf7+ Kxf7 {[%emt 0:00:08][%mdl 4096] Endgame KRB-KRB} 28. Rd3 Bb7 29. Rxd4 Ke7 {[%emt 0:00:05] Prevents Rd7+.} (29... Bd5 $1 $11) 30. Bc6 (30. Rh4 $14 {feels stronger.} h5 31. Ra4 Bxg2 32. Kxg2) 30... Bxc6 31. bxc6 {[%emt 0:00:09] KR-KR} Rd8 {[%emt 0:00:06] Against Rd7+} 32. Ra4 a5 {[%emt 0:02:27] Strongly threatening ...Rd1+.} 33. Rc4 Rd1+ 34. Kg2 {[%emt 0:01:13] Black must now prevent c7.} Kd8 {[%emt 0:01:53] Threatens to win with ...Kc7.} 35. c7+ Kc8 {[%emt 0:00:01] next ...Rd2+ is good for Black.} 36. Rc6 $1 Rd2+ 37. Kh3 b5 ({Reject} 37... Rxa2 $6 38. Rxb6 Kxc7 39. Rxe6 $15) 38. Rxe6 Kxc7 (38... Rxa2 {is more complex.} 39. Kh4 h6 40. h3 a4) 39. a3 {[%emt 0:02:08] [#]} (39. a4 $11 {remains equal.}) 39... Ra2 $1 $17 40. Re7+ Kc8 (40... Kc6 $17 41. a4 (41. Rxh7 $2 Rxa3 42. Kg2 Rxb3 $19) 41... bxa4 42. bxa4 Rxa4 43. Rxh7 Re4) 41. Rxh7 $11 {[%emt 0:01:56] With the idea Ra7.} Rxa3 $2 {[%emt 0:02:16][%mdl 8192] [#]} (41... g5 $1 $11 42. g4 f4) 42. e6 $1 $18 {[%emt 0:01:09] White wants to mate with Rh8+.} Rxb3 (42... Kd8 $142 43. Kh4 (43. Rd7+ Ke8 $18) 43... Rxb3) 43. Rh8+ Kc7 44. e7 Re3 45. e8=Q Rxe8 46. Rxe8 a4 47. Kh4 {[%emt 0:00:38] aiming for Kg5.} ({Less strong is} 47. Ra8 Kb7 48. Rd8 Kc6 $18) 47... b4 48. Ra8 a3 49. Ra4 {[%emt 0:00:07] What a bad dream for Black.  Weighted Error Value: White=0.21 (precise) /Black=0.46} 1-0

[Event "Hungarian Youth-ch U12 2022"]
[Site "Eger"]
[Date "2022.07.27"]
[Round "5.4"]
[White "Horvath, Matyas Sandor"]
[Black "Kovacs, Kristof"]
[Result "0-1"]
[ECO "C44"]
[WhiteElo "1431"]
[BlackElo "1812"]
[Annotator "NA RC COMBH"]
[PlyCount "104"]
[EventDate "2022.07.21"]
[EventType "tourn"]
[EventCountry "HUN"]
[SourceTitle "playchess.com"]
[Source "ChessBase"]
[SourceQuality "1"]
[TimeControl "40/5400+30:1800+30"]

1. e4 e5 2. Nf3 Nc6 3. c3 d5 4. Qa4 dxe4 5. Nxe5 Qd5 6. Nxc6 bxc6 7. Bc4 Qd6 {[%emt 0:02:06] 7...Qd6 is better than 7...Qd7.} 8. O-O Nf6 9. d3 exd3 {[%emt 0:05:22] [#]} 10. Bf4 $1 Qd7 11. Bxd3 Nd5 (11... Rb8 $16) 12. Re1+ Be7 {[%emt 0:00:20] [#]} 13. Bg3 $146 ({Predecessor:} 13. Be4 Bb7 14. Bxd5 cxd5 15. Qb4 Bc6 16. Qa5 O-O 17. Qxc7 Qxc7 18. Bxc7 Bf6 19. Nd2 {1-0 (37) Hackl Sommer,R (1984)-Da Costa Campos,A (1942) Germany 2017}) 13... O-O 14. Qc2 f5 {[%emt 0:01:38] [#]} ({Better is} 14... g6) 15. f3 (15. Be5 $142 $1) 15... h6 {[%emt 0:04:02] [#]} 16. Na3 ({Better is} 16. Bf2 $1) 16... f4 ({Better is} 16... Bc5+ $14 17. Bf2 Bxf2+ 18. Kxf2 (18. Qxf2 Nxc3 19. Bc4+ Nd5 $14) 18... Qd6) 17. Bf2 Bxa3 18. bxa3 Qf7 19. Bc4 Bf5 20. Bd3 ({White should play} 20. Qd2 $16) 20... a5 21. Bc5 Bxd3 22. Qxd3 Rfe8 23. a4 Rad8 24. Rxe8+ Qxe8 25. Qc2 Ne3 26. Qf2 Rd3 27. Bd4 (27. Qb2 $142) 27... c5 28. Bxc5 Rxc3 29. Bd4 $2 (29. Bxe3 $17 {nothing else works.} Qxe3 30. Qxe3 fxe3 31. Kf1) 29... Rc2 30. Bxe3 Rxf2 $19 31. Bxf2 Qxa4 32. h3 Qc2 33. a4 c5 34. Be1 Qb2 35. Rd1 Qb3 36. Ra1 c4 37. Bxa5 c3 38. Bxc3 Qxc3 39. Ra2 Qc4 40. Rf2 Qxa4 41. Re2 Qd1+ 42. Kf2 g5 43. Re4 Kf7 44. h4 Kf6 (44... Kg6 $142 45. hxg5 hxg5 46. Re1 Qd2+ 47. Re2 Qd4+ 48. Ke1 Kh5 49. Kf1 Qd1+ 50. Kf2 Qd4+ 51. Kf1 g4 52. fxg4+ Kxg4 53. Re8 Qc4+ 54. Kf2 Qc5+ 55. Ke1 Qg1+ 56. Kd2 Qxg2+ 57. Re2 f3 58. Rxg2+ fxg2 59. Kc3 g1=Q 60. Kb4 Qb6+ 61. Kc4 Kf5 62. Kd3 Qc5 63. Ke2 Qc3 64. Kf2 Kf4 65. Kf1 Kf3 66. Kg1 Qg7+ 67. Kh2 Qg2#) 45. hxg5+ hxg5 46. g4 fxg3+ 47. Kxg3 Qg1+ 48. Kh3 Qf2 49. Rg4 Qxf3+ 50. Rg3 Qf1+ 51. Kg4 Qf5+ 52. Kh5 g4+ 0-1

[Event "Hungarian Youth-ch U12 2022"]
[Site "Eger"]
[Date "2022.07.27"]
[Round "5.5"]
[White "Lehocz, Jozsef Jr."]
[Black "Janosi, Bence"]
[Result "1-0"]
[ECO "A13"]
[WhiteElo "1919"]
[BlackElo "1428"]
[Annotator "TA"]
[PlyCount "61"]
[EventDate "2022.07.21"]
[EventType "tourn"]
[EventCountry "HUN"]
[SourceTitle "playchess.com"]
[Source "ChessBase"]
[SourceQuality "1"]
[TimeControl "40/5400+30:1800+30"]

1. Nf3 d5 2. c4 e6 3. g3 Nf6 4. Bg2 Be7 5. d4 O-O 6. Qc2 Na6 7. O-O c6 8. a3 {[%emt 0:01:35] E06: Closed Catalan: Early deviations.} b6 9. Nbd2 Bb7 10. b4 {[%emt 0:11:32] [#] White is slightly better.} Nc7 $146 ({Predecessor:} 10... c5 11. dxc5 bxc5 12. b5 Nc7 13. a4 Rc8 14. Bb2 Nce8 15. e3 Nd6 16. Rfd1 Qc7 {1-0 (29) Holm,K (2413)-Fossan,A (2061) Norway 2017}) 11. Bb2 Rc8 12. e4 dxe4 13. Nxe4 Nxe4 14. Qxe4 Ba8 15. Qe3 c5 ({Black should play} 15... Bf6) 16. dxc5 $16 (16. bxc5 $6 bxc5 17. Rfd1 (17. dxc5 Qe8 $11) 17... Qe8 $14) 16... bxc5 17. Rfd1 (17. bxc5 $6 Na6 $11) 17... Qe8 18. b5 $36 {[%emt 0:00:26][%mdl 2048] White is on the roll. 0x0.0005ed196c44dp-1022s more active pieces.} ({Reject} 18. bxc5 $6 Na6 $11) 18... f6 {[%emt 0:03:37] Inhibits Ne5.} 19. a4 Rb8 $2 {[%emt 0:05:12] [#] A mistake that costs the game.} (19... e5 $16 {keeps fighting.}) 20. Ba3 $18 f5 21. Ne5 ({Much less strong is} 21. Bxc5 f4 22. gxf4 Bxc5 23. Qxc5 Qf7 $18) 21... Rc8 22. Bxa8 Nxa8 23. Nd7 Bf6 $2 (23... Rf7 24. Qxe6 Nc7) 24. Nxf8 {[%emt 0:00:56] White is clearly winning.} Bxa1 25. Nxe6 Bf6 26. Bxc5 Kf7 27. Nf4 Qxe3 28. Bxe3 {[%emt 0:00:04] [#] Threatens to win with Rd7+.} Rxc4 (28... g5 $142 29. Ne2 (29. Bxa7 gxf4 30. c5 Nc7 $18) 29... Nb6) 29. Rd7+ Ke8 30. Rxa7 Nc7 31. b6 {[%emt 0:00:13] Weighted Error Value: White=0.21 (precise) /Black=0.71} 1-0

[Event "Hungarian Youth-ch U12 2022"]
[Site "Eger"]
[Date "2022.07.27"]
[Round "5.6"]
[White "Torok, Rita"]
[Black "Biro, Beata"]
[Result "0-1"]
[ECO "C00"]
[WhiteElo "1275"]
[BlackElo "1551"]
[Annotator "NA RC COMBH"]
[PlyCount "116"]
[EventDate "2022.07.21"]
[EventType "tourn"]
[EventCountry "HUN"]
[SourceTitle "playchess.com"]
[Source "ChessBase"]
[SourceQuality "1"]
[TimeControl "40/5400+30:1800+30"]

1. e4 e6 2. Nf3 d5 3. exd5 exd5 4. d4 Nf6 5. Nc3 Be7 6. Be3 O-O 7. Be2 Bf5 8. O-O Nbd7 9. Bg5 h6 10. Bxf6 Nxf6 11. h3 c5 12. b3 b6 13. Bd3 Be6 14. dxc5 bxc5 15. Ne5 Qc7 16. Nf3 Rfd8 17. Qe2 a6 18. Rfe1 Nh5 19. Qe5 Qxe5 20. Nxe5 Bf6 21. Rad1 Nf4 22. Nb1 Nxd3 23. Nxd3 c4 24. Nf4 cxb3 25. cxb3 Rd6 26. Nxe6 fxe6 27. Nd2 Rc8 28. Ne4 Rdc6 29. Nxf6+ gxf6 30. Kh2 Kf7 31. Rd2 Rc2 32. Ree2 Rxd2 33. Rxd2 Rc5 34. Kg3 e5 35. b4 Rb5 36. a3 a5 37. bxa5 Rxa5 38. Rd3 Kg6 39. f3 d4 40. Rb3 Ra6 41. Rd3 Rc6 42. Kf2 Kg5 43. a4 Rc2+ 44. Kg3 Ra2 45. h4+ Kf5 46. Rb3 Rxa4 47. Rd3 Rc4 48. Kf2 h5 49. g3 e4 50. fxe4+ Kxe4 51. Rd1 Rc2+ 52. Kf1 f5 53. Kg1 d3 54. Kf1 Ke3 55. Re1+ Re2 56. Rxe2+ dxe2+ 57. Ke1 Kf3 58. g4 fxg4 0-1

[Event "Hungarian Youth-ch U12 2022"]
[Site "Eger"]
[Date "2022.07.27"]
[Round "5.7"]
[White "Molnar, Dalma Reka"]
[Black "Kiss, Inez"]
[Result "0-1"]
[ECO "C14"]
[WhiteElo "1521"]
[BlackElo "1397"]
[Annotator "NA RC COMBH"]
[PlyCount "46"]
[EventDate "2022.07.21"]
[EventType "tourn"]
[EventCountry "HUN"]
[SourceTitle "playchess.com"]
[Source "ChessBase"]
[SourceQuality "1"]
[TimeControl "40/5400+30:1800+30"]

1. e4 e6 2. d4 d5 3. Nc3 Nf6 4. Bg5 Be7 5. e5 Nfd7 6. Bxe7 Qxe7 7. f4 O-O 8. Nf3 c5 9. Nb5 Nc6 10. Nd6 cxd4 11. Nxd4 f6 12. Nxc8 Raxc8 13. Nxc6 Rxc6 14. c3 fxe5 15. fxe5 Qh4+ 16. g3 Qe4+ 17. Qe2 Qxh1 18. Kd2 Qf3 19. Bh3 Qxe2+ 20. Kxe2 Nxe5 21. Rb1 Nc4 22. Kd3 Rf2 23. Re1 Rd2# 0-1

[Event "Hungarian Youth-ch U12 2022"]
[Site "Eger"]
[Date "2022.07.27"]
[Round "5.8"]
[White "Hangyal, Dora"]
[Black "Brieber, Dorottya"]
[Result "1-0"]
[ECO "B01"]
[WhiteElo "1244"]
[BlackElo "1242"]
[Annotator "NA RC COMBH"]
[PlyCount "63"]
[EventDate "2022.07.21"]
[EventType "tourn"]
[EventCountry "HUN"]
[SourceTitle "playchess.com"]
[Source "ChessBase"]
[SourceQuality "1"]
[TimeControl "40/5400+30:1800+30"]

1. e4 d5 2. exd5 Nf6 3. Nf3 Nxd5 4. c4 Nf6 5. h3 Nc6 6. Nc3 Bf5 7. d3 e5 8. Bg5 Be7 9. g4 Be6 10. Bg2 h6 11. Bh4 g5 12. Bg3 Bd6 13. Qe2 Nd7 14. O-O f5 15. gxf5 Bxf5 16. d4 Qf6 17. Rfe1 Qf7 18. dxe5 Bc5 19. e6 Qe7 20. exd7+ Bxd7 21. Qc2 Be6 22. Qg6+ Kd8 23. Rxe6 Qf8 24. Rd1+ Kc8 25. Rf6 Qg8 26. Qf5+ Kb8 27. Qxc5 a6 28. Rd7 Qe8 29. Rxc7 Qc8 30. Rcxc6+ Qc7 31. Rxc7 Ra7 32. Rc8# 1-0

[Event "Hungarian Youth-ch U12 2022"]
[Site "Eger"]
[Date "2022.07.27"]
[Round "5.9"]
[White "Balogh, Gerda"]
[Black "Balazs, Szabina Zoe"]
[Result "1-0"]
[ECO "C50"]
[WhiteElo "1531"]
[BlackElo "1437"]
[Annotator "NA RC COMBH"]
[PlyCount "93"]
[EventDate "2022.07.21"]
[EventType "tourn"]
[EventCountry "HUN"]
[SourceTitle "playchess.com"]
[Source "ChessBase"]
[SourceQuality "1"]
[TimeControl "40/5400+30:1800+30"]

1. e4 e5 2. Nf3 Nc6 3. Bc4 Bc5 4. O-O Nf6 5. d4 Bxd4 6. Nxd4 Nxd4 7. f4 Nc6 8. Bxf7+ Kxf7 9. fxe5 Nxe5 10. Qd5+ Kg6 11. Qxe5 d6 12. Qf4 Re8 13. Nd2 h6 14. b3 Qe7 15. Bb2 Be6 16. Rae1 Nh5 17. Qe3 Qd7 18. Qc3 Kh7 19. Nf3 Qe7 20. e5 d5 21. Nd4 Bg4 22. h3 Bxh3 23. Qxh3 Qg5 24. Qf5+ Qxf5 25. Rxf5 Kg6 26. Rf3 a6 27. Ree3 Kg5 28. Bc1 Kg4 29. Nf5 Re6 30. c4 dxc4 31. Re4+ Nf4 32. Rfxf4+ Kg5 33. Rg4+ Kxf5 34. Rgf4+ Kg6 35. Rxc4 c6 36. Bb2 a5 37. Rcd4 Rae8 38. Rd6 b5 39. a4 h5 40. Kh2 R8e7 41. Kh3 Kh6 42. g4 Kg5 43. Rf5+ Kh6 44. Rxh5+ Kg6 45. Kh4 b4 46. Rf5 c5 47. Rf4 1-0

[Event "Hungarian Youth-ch U12 2022"]
[Site "Eger"]
[Date "2022.07.28"]
[Round "6.1"]
[White "Horvath, Andras"]
[Black "Janosi, Bence"]
[Result "0-1"]
[ECO "C04"]
[WhiteElo "2251"]
[BlackElo "1428"]
[Annotator "TA"]
[PlyCount "54"]
[EventDate "2022.07.21"]
[EventType "tourn"]
[EventCountry "HUN"]
[SourceTitle "playchess.com"]
[Source "ChessBase"]
[SourceQuality "1"]
[TimeControl "40/5400+30:1800+30"]

1. e4 e6 2. d4 d5 3. Nd2 Nc6 4. Ngf3 Nf6 5. e5 Nd7 6. c3 f6 7. exf6 Nxf6 {[%emt 0:01:16] C04: French Tarrasch: 3...Nc6.} (7... Qxf6 $11 {remains equal.} 8. Nb3 Bd6) 8. Bd3 $16 Bd6 9. O-O O-O {[%emt 0:00:48] White is better.} 10. Nb3 (10. Re1 $16) 10... e5 $11 11. dxe5 Nxe5 12. Nxe5 Bxe5 13. Bg5 c6 {[%emt 0:08:21] [#]} 14. Qc2 $146 ({Predecessor:} 14. Qd2 Bc7 15. Bh4 {½-½ (15) Kastner,P (2180)-Schmidt,H (2102) Germany 2001}) 14... Bxh2+ 15. Kxh2 $2 (15. Kh1 $1 $11 {and White stays safe.}) 15... Ng4+ $19 {[%emt 0:00:07][%mdl 64] Discovered Attack} 16. Kg1 Qxg5 17. Be2 {[%emt 0:15:59] [#]} ({Don't blunder} 17. Bxh7+ $2 Kh8 18. Qd3 Ne5 $19) 17... Ne5 (17... Rf6 $1 $19 {[%cal Og4e3] Threatens to win with ...Ne3!} 18. Qd2 Qh5 19. Bxg4 Bxg4) 18. Qd2 $17 Qg6 {[%emt 0:03:20] ...Bh3 is the strong threat. Black is more active.} 19. Qe3 {[%emt 0:02:43] Inhibits Bh3.} Re8 $40 {[%emt 0:05:36][%mdl 128] Black wants a kill.} 20. Qf4 {[%emt 0:08:57] Inhibits Nc4.} Nf7 21. Rfe1 {[%emt 0:02:07][%cal Oe2h5] [#] Strongly threatening Bh5!} Ng5 {[%emt 0:01:53] Hoping for ...Nh3+.} 22. Qg3 {[%emt 0:03:20] Inhibits Nh3+.} Bf5 23. Nd4 Rf8 (23... Be4 $17 24. Bg4 h5) 24. Nxf5 $15 Qxf5 (24... Rxf5 $2 25. Bd3 Raf8 26. Bxf5 Rxf5 27. Re3 $16) 25. Bg4 (25. Bd3 $15 Ne4 26. Bxe4 dxe4 27. Rad1) 25... Qf6 26. Re5 $2 (26. f3 $15) 26... Ne4 $19 27. Be6+ Kh8 {Weighted Error Value: White=0.49/Black=0.22 (precise)} 0-1

[Event "Hungarian Youth-ch U12 2022"]
[Site "Eger"]
[Date "2022.07.28"]
[Round "6.2"]
[White "Kovacs, Kristof"]
[Black "Lehocz, Jozsef Jr."]
[Result "0-1"]
[ECO "A45"]
[WhiteElo "1812"]
[BlackElo "1919"]
[Annotator "TA"]
[PlyCount "60"]
[EventDate "2022.07.21"]
[EventType "tourn"]
[EventCountry "HUN"]
[SourceTitle "playchess.com"]
[Source "ChessBase"]
[SourceQuality "1"]
[TimeControl "40/5400+30:1800+30"]

1. d4 Nf6 2. g3 e6 3. Bg2 c5 4. c3 d5 5. Nf3 b5 6. O-O Bb7 7. Nbd2 {[%emt 0:03:22][%cal Oe2e4] A46: 1 d4 Nf6 2 Nf3 e6: Torre, London and Colle Systems.} Nbd7 8. Ne5 Bd6 {[%emt 0:07:51] [#]} 9. f4 $146 (9. Nxd7 $11 Qxd7 10. Nb3) ({Predecessor:} 9. Ndf3 Qc7 10. Nxd7 Nxd7 11. Re1 Nf6 12. dxc5 Qxc5 13. Qd4 Qxd4 14. Nxd4 a6 15. Bg5 {½-½ (23) Maurer,R (1867)-Kretschmer,T (1838) Saarlouis Steinrausch 2005}) 9... Qc7 10. Ndf3 Ne4 11. a4 b4 12. cxb4 cxb4 13. Be3 Ndf6 (13... O-O $11) 14. Qd3 (14. a5 $1 $14 O-O 15. a6) 14... O-O $11 15. a5 Rac8 16. a6 Ba8 17. Rfc1 Qb6 18. g4 {[%emt 0:01:20] aiming for g5.} Bc6 (18... Rxc1+ $11 19. Rxc1 Rd8) 19. Nxc6 $16 Rxc6 20. Ne5 Rxc1+ 21. Rxc1 {[%emt 0:00:40] Strongly threatening g5.} Qa5 22. h3 (22. g5 $16) 22... Qa2 $14 23. Nc6 $2 {[%emt 0:03:47] [#]} (23. g5 $14 {keeps the upper hand.} Nh5 24. Bxe4 dxe4 25. Qxe4) 23... Qxb2 $19 {[%emt 0:02:32] Threatens to win with ...Nc3.} 24. Nxa7 Nc3 {[%emt 0:02:50] Pair of Knights!} 25. Bf3 Qa2 $2 (25... Qa3 $19 {is more deadly. Hoping for ...Nfe4.} 26. Kg2 Ra8) 26. Nc6 $2 (26. Nb5 $17 {was the only defense.} Nxb5 27. Qxb5) 26... Rc8 27. Na7 {[%emt 0:09:58] [#]} (27. Ne5 {was called for.}) 27... Rc4 {[%emt 0:03:11] Black is clearly winning.} 28. Bd2 Qxa6 29. Bxc3 bxc3 30. Rxc3 Qa1+ {[%emt 0:00:29] Weighted Error Value: White=0.95/Black=0.30} 0-1